SL
LOUISVILLE BC @ OAKLAND OAKS
09/16/2024
 
TOP OF THE 1ST
Louisville BC batting - Pitching for Oakland Oaks : RHP José García
Pitching: RHP José García
Batting: LHB Carroll Martin 0-0: Foul Ball, location: 2F
0-1: Ball
1-1: Foul Ball, location: 2F
1-2: Fly out, F8 (Flyball, 8LM)
Batting: RHB Andrés Rodríguez 0-0: Called Strike
0-1: Ball
1-1: Foul Ball, location: 2F
1-2: Strikes out swinging
Batting: LHB Tim Hargrove 0-0: Ball
1-0: Foul Ball, location: 2F
1-1: Ball
2-1: Swinging Strike
2-2: Ball
3-2: Base on Balls
Batting: RHB Micheal Murdoch 0-0: Ball
1-0: Foul Ball, location: 2F
1-1: Foul Ball, location: 2F
1-2: Strikes out swinging
Top of the 1st over - 0 run(s), 0 hit(s), 0 error(s), 1 left on base; Louisville 0 - Oakland 0
BOTTOM OF THE 1ST
Oakland Oaks batting - Pitching for Louisville BC : RHP Antonio Godfrey
Pitching: RHP Antonio Godfrey
Batting: LHB Jesús Quintanilla 0-0: Ball
1-0: Called Strike
1-1: SINGLE (Line Drive, 6D)
Batting: LHB Todd Henry 0-0: Called Strike
0-1: Ball
1-1: Foul Ball, location: 2F
1-2: Ball
2-2: Foul Ball, location: 2F
2-2: Ball
3-2: Fly out, F9 (Line Drive, 89M)
3-2: Fly out, F9 (Line Drive, 89M)
Batting: LHB Edwin Church 0-0: Called Strike
0-1: Called Strike
0-2: Foul Ball, location: 2F
0-2: Ball
1-2: Fly out, F7 (Line Drive, 78D)
Batting: RHB Gabriel Maldonado 0-0: Ball
1-0: Swinging Strike
1-1: Ball
2-1: Swinging Strike
2-2: Ball
3-2: Ground out 6-3 (Groundball, 6)
Bottom of the 1st over - 0 run(s), 1 hit(s), 0 error(s), 1 left on base; Louisville 0 - Oakland 0
TOP OF THE 2ND
Louisville BC batting - Pitching for Oakland Oaks : RHP José García
Batting: SHB Chris Williamson 0-0: Called Strike
0-1: Called Strike
0-2: Ball
1-2: Foul Ball, location: 2F
1-2: Strikes out looking
Batting: RHB Aurelio Vázquez 0-0: Ball
1-0: Foul Ball, location: 2F
1-1: Foul Ball, location: 2F
1-2: Strikes out swinging
Batting: LHB Joram Nelen 0-0: Ball
1-0: Called Strike
1-1: Foul Ball, location: 2F
1-2: Foul Ball, location: 2F
1-2: Strikes out swinging
Top of the 2nd over - 0 run(s), 0 hit(s), 0 error(s), 0 left on base; Louisville 0 - Oakland 0
BOTTOM OF THE 2ND
Oakland Oaks batting - Pitching for Louisville BC : RHP Antonio Godfrey
Batting: LHB Mal Wadley 0-0: Ball
1-0: Ground out 6-3 (Groundball, 6)
Batting: SHB John Allen 0-0: Ball
1-0: Called Strike
1-1: Ball
2-1: Foul Ball, location: 2F
2-2: Foul Ball, location: 2F
2-2: Ball
3-2: SINGLE (Groundball, 34D)
Batting: LHB Ron Frazier 0-0: Ball
1-0: Called Strike
1-1: Ball
2-1: Ball
3-1: Fielders Choice at 2nd, 6-4 (Groundball, 6)
Batting: RHB Rafael Najcrea 0-0: Ball
1-0: Called Strike
1-1: Ball
2-1: DOUBLE (Line Drive, 5L)
Ron Frazier to third
Runner from 3rd tries for Home, SAFE, no throw or cutoff
Batting: RHB Jim Allen 0-0: Called Strike
0-1: SINGLE (Groundball, 5L)
Rafael Najcrea to third
Runner from 3rd tries for Home, SAFE, no throw or cutoff
Batting: LHB Jesús Quintanilla 0-0: Swinging Strike
0-1: Ball
1-1: Ball
2-1: Foul Ball, location: 2F
2-2: Strikes out swinging
Bottom of the 2nd over - 2 run(s), 3 hit(s), 0 error(s), 1 left on base; Louisville 0 - Oakland 2
TOP OF THE 3RD
Louisville BC batting - Pitching for Oakland Oaks : RHP José García
Batting: SHB Eddie Ménard 0-0: Ball
1-0: Ball
2-0: Foul Ball, location: 2F
2-1: Called Strike
2-2: Foul Ball, location: 2F
2-2: Strikes out looking
Batting: LHB Arturo Acevedo 0-0: Called Strike
0-1: Foul Ball, location: 2F
0-2: Foul Ball, location: 2F
0-2: Ground out U3 (Groundball, 3)
Batting: LHB Carroll Martin 0-0: Called Strike
0-1: Ball
1-1: Ground out 4-3 (Groundball, 4M)
Top of the 3rd over - 0 run(s), 0 hit(s), 0 error(s), 0 left on base; Louisville 0 - Oakland 2
BOTTOM OF THE 3RD
Oakland Oaks batting - Pitching for Louisville BC : RHP Antonio Godfrey
Batting: LHB Todd Henry 0-0: Ball
1-0: Called Strike
1-1: Ball
2-1: Swinging Strike
2-2: Ball
3-2: Base on Balls
Batting: LHB Edwin Church 0-0: Ball
1-0: Called Strike
1-1: Ball
2-1: Ball
3-1: Base on Balls
Todd Henry to second
Batting: RHB Gabriel Maldonado 0-0: Called Strike
0-1: Foul Ball, location: 2F
0-2: Strikes out swinging
Batting: LHB Mal Wadley 0-0: Ball
Wild Pitch!
Todd Henry to third
Edwin Church to second
1-0: Foul Ball, location: 2F
1-1: Fly out, F8 (Flyball, 8LM)
Throwing error, E8
Todd Henry scores
Edwin Church to third
Batting: SHB John Allen 0-0: Called Strike
0-1: Foul Ball, location: 2F
0-2: Foul Ball, location: 2F
0-2: Ball
1-2: Ball
2-2: Foul Ball, location: 2F
2-2: Strikes out swinging
Bottom of the 3rd over - 1 run(s), 0 hit(s), 1 error(s), 1 left on base; Louisville 0 - Oakland 3
TOP OF THE 4TH
Louisville BC batting - Pitching for Oakland Oaks : RHP José García
Batting: RHB Andrés Rodríguez 0-0: Foul Ball, location: 2F
0-1: Swinging Strike
0-2: Strikes out looking
Batting: LHB Tim Hargrove 0-0: Foul Ball, location: 2F
0-1: Ball
1-1: Ball
2-1: Called Strike
2-2: Ball
3-2: Base on Balls
Batting: RHB Micheal Murdoch 0-0: Ball
1-0: Called Strike
1-1: Ground out 5-3 (Groundball, 5S)
Tim Hargrove to second
Batting: SHB Chris Williamson 0-0: Ball
1-0: Swinging Strike
1-1: Swinging Strike
1-2: Strikes out looking
Top of the 4th over - 0 run(s), 0 hit(s), 0 error(s), 1 left on base; Louisville 0 - Oakland 3
BOTTOM OF THE 4TH
Oakland Oaks batting - Pitching for Louisville BC : RHP Antonio Godfrey
Batting: LHB Ron Frazier 0-0: Called Strike
0-1: Ball
1-1: Called Strike
1-2: Ground out 4-3 (Groundball, 4)
Batting: RHB Rafael Najcrea 0-0: Ball
1-0: Foul Ball, location: 2F
1-1: Ball
2-1: Ball
3-1: Ground out 1-3 (Groundball, 15)
Batting: RHB Jim Allen 0-0: Ball
1-0: Called Strike
1-1: Ground out 1-3 (Groundball, 15)
Bottom of the 4th over - 0 run(s), 0 hit(s), 0 error(s), 0 left on base; Louisville 0 - Oakland 3
TOP OF THE 5TH
Louisville BC batting - Pitching for Oakland Oaks : RHP José García
Batting: RHB Aurelio Vázquez 0-0: Ball
1-0: Foul Ball, location: 2F
1-1: Ground out 5-3 (Groundball, 56S)
Batting: LHB Joram Nelen 0-0: Ball
1-0: Swinging Strike
1-1: Foul Ball, location: 2F
1-2: Strikes out swinging
Batting: SHB Eddie Ménard 0-0: Called Strike
0-1: Swinging Strike
0-2: SINGLE (Groundball, 6M)
Batting: LHB Arturo Acevedo 0-0: Fielders Choice at 2nd, U6 (Groundball, 6MD)
Top of the 5th over - 0 run(s), 1 hit(s), 0 error(s), 1 left on base; Louisville 0 - Oakland 3
BOTTOM OF THE 5TH
Oakland Oaks batting - Pitching for Louisville BC : RHP Antonio Godfrey
Batting: LHB Jesús Quintanilla 0-0: Ground out 5-3 (Groundball, 5D)
Batting: LHB Todd Henry 0-0: Ground out 4-3 (Groundball, 4)
Batting: LHB Edwin Church 0-0: SOLO HOME RUN (Flyball, 8RXD), Distance : 434 ft
Batting: RHB Gabriel Maldonado 0-0: Called Strike
0-1: Ball
1-1: Swinging Strike
1-2: Strikes out looking
Bottom of the 5th over - 1 run(s), 1 hit(s), 0 error(s), 0 left on base; Louisville 0 - Oakland 4
TOP OF THE 6TH
Louisville BC batting - Pitching for Oakland Oaks : RHP José García
Batting: LHB Carroll Martin 0-0: Ball
1-0: Called Strike
1-1: Bunt for hit - play at first, batter OUT! 5-3
Batting: RHB Andrés Rodríguez 0-0: Called Strike
0-1: Ball
1-1: Ball
2-1: Ball
3-1: Reached on error, E5 (Groundball, 5L)
Batting: LHB Tim Hargrove 0-0: Foul Ball, location: 2F
0-1: Ground out 6-3 (Groundball, 6M)
Andrés Rodríguez to third
Batting: RHB Micheal Murdoch 0-0: Called Strike
0-1: Ball
1-1: Foul Ball, location: 2F
1-2: Foul Ball, location: 2F
1-2: Ball
2-2: Strikes out swinging
Top of the 6th over - 0 run(s), 0 hit(s), 1 error(s), 1 left on base; Louisville 0 - Oakland 4
BOTTOM OF THE 6TH
Oakland Oaks batting - Pitching for Louisville BC : RHP Antonio Godfrey
Batting: LHB Mal Wadley 0-0: Called Strike
0-1: Foul Ball, location: 2F
0-2: Ground out 2-3 (Groundball, 2L)
Batting: SHB John Allen 0-0: Fly out, F5 (Popup, 5SF)
Batting: LHB Ron Frazier 0-0: Swinging Strike
0-1: Ball
1-1: Ball
2-1: Foul Ball, location: 2F
2-2: Strikes out swinging
Bottom of the 6th over - 0 run(s), 0 hit(s), 0 error(s), 0 left on base; Louisville 0 - Oakland 4
TOP OF THE 7TH
Louisville BC batting - Pitching for Oakland Oaks : RHP José García
Batting: SHB Chris Williamson 0-0: Foul Ball, location: 2F
0-1: Ball
1-1: Called Strike
1-2: Strikes out swinging
Batting: RHB Aurelio Vázquez 0-0: Called Strike
0-1: Foul Ball, location: 2F
0-2: Foul Ball, location: 2F
0-2: Ball
1-2: Foul Ball, location: 2F
1-2: Foul Ball, location: 2F
1-2: SINGLE (Line Drive, 6M)
Batting: LHB Joram Nelen 0-0: Ball
1-0: SINGLE (Line Drive, 6M)
Aurelio Vázquez to second
Batting: SHB Eddie Ménard 0-0: Called Strike
0-1: Called Strike
0-2: Foul Ball, location: 2F
0-2: Strikes out looking
Batting: LHB Arturo Acevedo 0-0: Called Strike
0-1: Ground out 5-3 (Groundball, 5L)
Top of the 7th over - 0 run(s), 2 hit(s), 0 error(s), 2 left on base; Louisville 0 - Oakland 4
BOTTOM OF THE 7TH
Oakland Oaks batting - Pitching for Louisville BC : RHP Antonio Godfrey
Batting: RHB Rafael Najcrea 0-0: Ball
1-0: Foul Ball, location: 2F
1-1: Fly out, F9 (Flyball, 9M)
Batting: RHB Jim Allen 0-0: Ball
1-0: Ball
2-0: Ball
3-0: Called Strike
3-1: Called Strike
3-2: Base on Balls
Batting: LHB Jesús Quintanilla 0-0: Called Strike
0-1: Ball
1-1: Ball
2-1: Called Strike
Jim Allen steals 2nd base
2-2: Ball
3-2: Base on Balls
Batting: LHB Todd Henry 0-0: Ball
1-0: Ball
2-0: Called Strike
2-1: Foul Ball, location: 2F
2-2: Grounds into double play, 4-6-3 (Groundball, 4)
Bottom of the 7th over - 0 run(s), 0 hit(s), 0 error(s), 1 left on base; Louisville 0 - Oakland 4
TOP OF THE 8TH
Louisville BC batting - Pitching for Oakland Oaks : RHP José García
Batting: LHB Carroll Martin 0-0: Hit by Pitch
Pitching: RHP Júlio Saldaña
Batting: RHB Andrés Rodríguez 0-0: Ground out 2-3 (Groundball, 25)
Carroll Martin to second
Batting: LHB Tim Hargrove 0-0: Ground out 1-3 (Groundball, 13S)
Carroll Martin to third
Batting: RHB Micheal Murdoch 0-0: Ball
1-0: SINGLE (Groundball, 6MD)
Carroll Martin scores
Pitching: LHP Henry Simpson
Batting: SHB Chris Williamson 0-0: Called Strike
0-1: Foul Ball, location: 2F
0-2: Ball
1-2: Ball
2-2: Foul Ball, location: 2F
2-2: Foul Ball, location: 2F
2-2: Foul Ball, location: 2F
2-2: Strikes out swinging
Top of the 8th over - 1 run(s), 1 hit(s), 0 error(s), 1 left on base; Louisville 1 - Oakland 4
BOTTOM OF THE 8TH
Oakland Oaks batting - Pitching for Louisville BC : RHP Antonio Godfrey
Batting: LHB Edwin Church 0-0: SINGLE (Line Drive, 4D)
Pitching: RHP Vincente Ortíz
Batting: RHB Gabriel Maldonado 0-0: Called Strike
0-1: Swinging Strike
0-2: Foul Ball, location: 2F
0-2: Strikes out swinging
Batting: LHB Mal Wadley 0-0: Foul Ball, location: 2F
0-1: Ball
1-1: Called Strike
1-2: Ball
2-2: Strikes out looking
Batting: SHB John Allen 0-0: Called Strike
0-1: Foul Ball, location: 2F
0-2: Ball
1-2: Ball
2-2: Foul Ball, location: 2F
2-2: Strikes out looking
Bottom of the 8th over - 0 run(s), 1 hit(s), 0 error(s), 1 left on base; Louisville 1 - Oakland 4
TOP OF THE 9TH
Louisville BC batting - Pitching for Oakland Oaks : LHP Henry Simpson
Pitching: RHP Mark Simmons
Batting: RHB Aurelio Vázquez 0-0: Ground out 5-3 (Groundball, 56)
Batting: LHB Joram Nelen 0-0: Ball
1-0: Foul Ball, location: 2F
1-1: Ball
2-1: Foul Ball, location: 2F
2-2: SINGLE (Line Drive, 8LS)
Batting: SHB Eddie Ménard 0-0: Ball
1-0: Ball
2-0: Foul Ball, location: 2F
2-1: Hit by Pitch
Joram Nelen to second
Pinch Hitting: RHB Chi-ju Zhang 0-0: Ball
1-0: SINGLE (Groundball, 6MD)
Joram Nelen to third
Eddie Ménard to second
Runner from 3rd tries for Home, SAFE, throw made home
Eddie Ménard to third
Chi-ju Zhang to second
Batting: LHB Carroll Martin 0-0: Called Strike
0-1: Fly out, F4 (Line Drive, 4)
0-1: Lined into DP, 4-5 (Line Drive, 4)
Top of the 9th over - 1 run(s), 2 hit(s), 0 error(s), 1 left on base; Louisville 2 - Oakland 4
This league is powered by Out of the Park Baseball, the baseball management simulation game for PC, Mac and Linux
Monday, October 3rd, 2016 - OOTP Baseball 16.9 Build 39